 Dungeon Crawl Stone Soup version 0.21-a0-516-gaaff437 (webtiles) character file.

26157 Ghella the Unseen (level 12, -3/62 HPs)
             Began as a Spriggan Assassin on Dec 3, 2017.
             Was an Initiate of Gozag.
             Slain by a yak (17 damage)
             ... in an ice cave.
             The game lasted 01:12:06 (22579 turns).

Ghella the Unseen (Spriggan Assassin)              Turns: 22579, Time: 01:12:07

Health: -3/62      AC:  4    Str:  7    XL:     12   Next: 95%
Magic:  14/14      EV: 36    Int: 15    God:    Gozag
Gold:   1251       SH:  0    Dex: 22    Spells: 4/11 levels left

rFire    . . .     SeeInvis +   c - +9 short sword of Callousness {pierce, rN+ Int+2}
rCold    + . .     Gourm    .   (shield restricted)
rNeg     + . .     Faith    .   W - +1 robe {rC+}
rPois    +         Spirit   .   (helmet restricted)
rElec    .         Reflect  .   d - +0 cloak
rCorr    .         Harm     .   (gloves unavailable)
MR       ++...                  (boots unavailable)
Stlth    +++++++...             (no amulet)
HPRegen  0.20/turn              F - +3 ring of evasion
MPRegen  0.14/turn              N - ring of poison resistance

@: gold aura, very quick
A: very small, unfitting armour, see invisible, herbivore 3, speed 3, slow
metabolism 2
a: Potion Petition, Call Merchant, Bribe Branch, Renounce Religion


You were in an ice cave.
You worshipped Gozag.
Gozag was most pleased with you.
You were very hungry.

You visited 3 branches of the dungeon, and saw 18 of its levels.
You also visited: Ice Cave.

You collected 2954 gold pieces.
You spent 476 gold pieces at shops.
You paid 1227 gold pieces to Gozag.

Inventory:

Hand Weapons
 a - a +2 dagger
 b - a +0 blowgun
 c - the +9 short sword of Callousness (weapon) {pierce, rN+ Int+2}
   (You bought it in a shop on level 10 of the Dungeon)

   It inflicts extra damage upon your enemies.
   It affects your intelligence (+2).
   It protects you from negative energy.
 k - a +2 whip of flaming
 u - a +3 dagger of venom
 P - a +0 short sword of venom
Missiles
 e - 18 poisoned needles
 f - 2 curare-tipped needles
 S - 7 needles of confusion
Armour
 d - a +0 cloak (worn)
 G - a +2 robe of positive energy
 W - a +1 robe of cold resistance (worn)
Jewellery
 o - a +2 ring of strength
 F - a +3 ring of evasion (left hand)
 N - a ring of poison resistance (right hand)
 U - an uncursed ring of flight
 V - an uncursed ring of ice
 X - a +4 ring of dexterity {unknown}
Wands
 t - a wand of digging (14)
 y - a wand of scattershot (5)
 B - a wand of polymorph (49)
 J - a wand of clouds (5)
 T - a wand of disintegration (10)
Scrolls
 h - 9 scrolls of identify
 j - 3 scrolls of magic mapping
 l - 2 scrolls of teleportation
 p - 5 scrolls of enchant weapon
 s - a scroll of enchant armour
 D - 7 scrolls of remove curse
 L - 2 scrolls of fog
 O - a scroll of amnesia
Potions
 i - 2 potions of ambrosia
 m - 5 potions of flight
 n - 4 potions of might
 r - 6 potions of curing
 v - a potion of invisibility {unknown}
 x - a potion of berserk rage {unknown}
 z - a potion of lignification {unknown}
 A - 2 potions of cancellation {unknown}
 C - a potion of degeneration {unknown}
 E - a potion of magic {unknown}
 H - a potion of haste {unknown}
 I - 2 potions of agility
 M - a potion of resistance
Books
 q - a book of Misfortune

   Spells                             Type                      Level
   a - Confusing Touch                Hexes                        1
   b - Confuse                        Hexes                        3
   c - Gell's Gravitas                Translocation                3
   d - Petrify                        Transmutation/Earth          4
   e - Metabolic Englaciation         Hexes/Ice                    5
   f - Yara's Violent Unravelling     Hexes/Transmutation          5
 K - a book of Spatial Translocations

   Spells                             Type                      Level
   a - Blink                          Translocation                2
   b - Shroud of Golubria             Charms/Translocation         2
   c - Lesser Beckoning               Translocation                3
   d - Gell's Gravitas                Translocation                3
   e - Teleport Other                 Translocation                3
   f - Passage of Golubria            Translocation                4
 Q - a book of Frost

   Spells                             Type                      Level
   a - Freeze                         Ice                          1
   b - Throw Frost                    Conjuration/Ice              2
   c - Ozocubu's Armour               Charms/Ice                   3
   d - Throw Icicle                   Conjuration/Ice              4
   e - Summon Ice Beast               Ice/Summoning                4
Comestibles
 g - 16 bread rations
 w - 8 fruits


   Skills:
 + Level 6.9 Fighting
 + Level 10.7 Short Blades
 + Level 10.2 Throwing
 * Level 14.9 Dodging
 + Level 16.2 Stealth
 + Level 0.4 Spellcasting
 + Level 0.4 Hexes
 + Level 2.0 Evocations


You had 4 spell levels left.
You knew the following spells:

 Your Spells              Type           Power        Failure   Level  Hunger
a - Confusing Touch       Hex            #.....       22%         1    ##.....
b - Confuse               Hex            #.......     54%         3    ####...
c - Gell's Gravitas       Tloc           #.........   61%         3    ####...


Dungeon Overview and Level Annotations

Branches:
Dungeon (14/15)            Temple (1/1) D:5            Lair (3/6) D:11
 Shoals (0/4) Lair:3        Snake (0/4) Lair:2          Orc (0/2) D:10
 Vaults: D:13-14

Altars:
Ashenzari
Cheibriados
Dithmenos
Elyvilon
Fedhas
Gozag
Hepliaklqana
Kikubaaqudgha
Makhleb
Nemelex Xobeh
Okawaru
Qazlal
Ru
Sif Muna
Trog
Uskayaw
Vehumet
Wu Jian
Xom
Yredelemnul
Zin
The Shining One
Beogh

Shops:
D:9 (   D:10 (

Annotations:
D:3 darxusza's ghost, weakling MiFi


Innate Abilities, Weirdness & Mutations

You are very small and have problems with some larger weapons.
You are too small for most types of armour.
You have supernaturally acute eyesight. (SInv)
You are a herbivore.
You cover ground extremely quickly.
You need consume almost no food.


Message History

The wolf completely misses you.
You closely miss the wolf.
The wolf is moderately wounded.
The yak completely misses you. The wolf completely misses you.
The yak gores you!
You feel much better. The wolf completely misses you.
The yak barely misses you. The yak gores you!
You puncture the yak!
The yak is almost dead.
The wolf closely misses you. The yak gores you!
* * * LOW HITPOINT WARNING * * *
Okay, then.
Aiming: Disintegrate
Press: ? - help, Shift-Dir - straight line, f - wolf, p - yak
Aim: a wolf (moderately wounded, chance to defeat MR: 74%)
The wolf is blasted.
You blow up the wolf!
The yak completely misses you. The yak gores you!
You die...
Your body crumbles into a pile of gold.

#### $
#.Y##### $
#@∩((..#.##
$
##Y.∩(....#
###....$...
####.###. #


You could see 2 yaks.

Vanquished Creatures
  Josephine (D:10)
  Fannar (Lair:2)
  Harold (D:11)
  A centaur warrior (D:13)
  3 hydras
  A two-headed ogre (D:13)
  A phantasmal warrior (D:10)
  4 ugly things
  3 manticores
  2 centaur zombies
  A black mamba (Lair:1)
  A gargoyle (D:11)
  3 spiny frogs
  A rime drake (Lair:1)
  2 centaur skeletons
  A komodo dragon (Lair:2)
  A freezing wraith (D:14)
  4 trolls
  3 hippogriffs
  4 wraiths (D:10)
  22 yaks
  2 wyverns
  Eustachio (D:5)
  3 vampire mosquitoes (D:13)
  2 hell hounds (D:11)
  2 porcupines (Lair:1)
  3 water moccasins
  5 orc warriors
  3 ice beasts
  2 black bears
  2 eyes of draining
  2 necrophages
  5 sky beasts
  17 wolves
  6 ogres
  4 centaurs
  2 big kobolds
  9 bullfrogs
  A gnoll sergeant (D:8)
  A wyvern zombie (D:13)
  4 killer bees (D:9)
  5 scorpions
  A water moccasin skeleton (D:7)
  2 wyvern skeletons
  12 wights
  2 howler monkeys
  3 crimson imps
  A quasit (D:6)
  A bullfrog zombie (D:12)
  9 hounds
  3 jellies
  3 orc priests
  A gnoll shaman (D:5)
  4 bullfrog skeletons
  5 orc wizards
  10 worker ants
  A killer bee zombie (D:5)
  A hound skeleton (D:5)
  A worker ant zombie (D:7)
  10 gnolls
  A howler monkey zombie (D:5)
  15 adders
  11 white imps (Lair:3)
  An ooze (D:5)
  2 adder zombies
  An adder skeleton (D:8)
  3 worms
  2 dart slugs
  3 leopard geckos
  23 orcs
  A ball python (D:5)
  6 giant cockroaches
  5 goblins
  3 hobgoblins (D:1)
  2 jackals (D:3)
  4 quokkas
  4 bats (D:3)
  8 frilled lizards
  7 kobolds
  4 rats
318 creatures vanquished.

Vanquished Creatures (others)
  An adder (D:2)
  A hobgoblin (D:2)
  A bat (D:2)
  A frilled lizard (D:2)
  A plant (Lair:3)
5 creatures vanquished.

Grand Total: 323 creatures vanquished

Notes
Turn   | Place    | Note
-------+----------+-------------------------------------------
     0 | D:1      | Ghella the Spriggan Assassin began the quest for the Orb.
     0 | D:1      | Reached XP level 1. HP: 10/10 MP: 2/2
    69 | D:1      | Reached skill level 6 in Stealth
   756 | D:1      | Reached XP level 2. HP: 14/14 MP: 3/3
  1311 | D:2      | Reached XP level 3. HP: 18/18 MP: 4/4
  1314 | D:2      | Learned a level 1 spell: Confusing Touch
  1475 | D:2      | Found an opulent altar of Gozag.
  1485 | D:2      | Reached skill level 7 in Stealth
  2017 | D:3      | Noticed darxusza's ghost (weakling MiFi)
  2236 | D:3      | Reached XP level 4. HP: 20/23 MP: 5/5
  2547 | D:4      | Reached skill level 8 in Stealth
  2547 | D:4      | Reached XP level 5. HP: 26/26 MP: 6/6
  2617 | D:4      | Found a radiant altar of Vehumet.
  2618 | D:4      | Found a burning altar of Makhleb.
  2739 | D:4      | Found a stormy altar of Qazlal.
  2757 | D:4      | Found a blossoming altar of Fedhas.
  3022 | D:4      | Found a bloodstained altar of Trog.
  3289 | D:4      | Reached XP level 6. HP: 23/30 MP: 7/7
  3831 | D:4      | Reached skill level 9 in Stealth
  3872 | D:5      | Entered Level 5 of the Dungeon
  3935 | D:5      | Found a stormy altar of Qazlal.
  3991 | D:5      | Found a staircase to the Ecumenical Temple.
  4419 | D:5      | Noticed Eustachio
  4477 | D:5      | Killed Eustachio
  4477 | D:5      | Reached skill level 5 in Dodging
  4477 | D:5      | Reached XP level 7. HP: 27/35 MP: 8/8
  4801 | Temple   | Entered the Ecumenical Temple
  5172 | D:2      | Became a worshipper of Gozag Ym Sagoz the Greedy
  5374 | D:6      | Found a shimmering altar of Xom.
  5521 | D:6      | Reached skill level 10 in Stealth
  5543 | D:6      | Reached XP level 8. HP: 32/39 MP: 9/9
  5789 | D:6      | Reached skill level 5 in Throwing
  6932 | D:7      | Reached skill level 5 in Short Blades
  8008 | D:8      | Reached skill level 11 in Stealth
  8008 | D:8      | Reached XP level 9. HP: 44/44 MP: 10/10
  8442 | D:8      | Noticed a manticore
  8523 | D:8      | Killed a manticore
  9107 | D:9      | Reached skill level 10 in Dodging
  9119 | D:9      | Noticed a troll
  9163 | D:9      | Killed a troll
  9434 | D:9      | Learned a level 3 spell: Confuse
  9438 | D:9      | Learned a level 3 spell: Gell's Gravitas
 10300 | D:9      | Reached skill level 12 in Stealth
 10300 | D:9      | Reached XP level 10. HP: 43/49 MP: 11/11
 11654 | D:9      | Found an ornate altar of the Wu Jian Council.
 12471 | D:10     | Entered Level 10 of the Dungeon
 12757 | D:10     | Noticed Josephine
 12840 | D:10     | Killed Josephine
 12840 | D:10     | Reached skill level 13 in Stealth
 12840 | D:10     | Reached skill level 1 in Evocations
 13982 | D:10     | Reached skill level 5 in Fighting
 13982 | D:10     | Reached XP level 11. HP: 28/55 MP: 13/13
 14339 | D:10     | Bought a shimmering short sword for 272 gold pieces
 14339 | D:10     | Identified the +9 short sword of Callousness {pierce, rN+ Int+2} (You bought it in a shop on level 10 of the Dungeon)
 14554 | D:10     | Found a staircase to the Orcish Mines.
 14560 | D:10     | Found a roughly hewn altar of Beogh.
 14938 | D:11     | Noticed a red ugly thing
 14957 | D:11     | Noticed a death knight
 14957 | D:11     | Noticed a phantasmal warrior
 15141 | D:11     | Noticed Harold
 15148 | D:11     | Killed Harold
 15310 | D:11     | Noticed a red ugly thing
 15321 | D:11     | Killed a red ugly thing
 15508 | D:10     | Killed a phantasmal warrior
 16371 | D:11     | Killed a red ugly thing
 16573 | D:11     | Found a staircase to the Lair.
 17223 | D:12     | Noticed a cyan ugly thing
 17225 | D:12     | Killed a cyan ugly thing
 17856 | D:13     | Noticed a seven-headed hydra
 18043 | D:13     | Killed a seven-headed hydra
 18043 | D:13     | Reached skill level 14 in Stealth
 18112 | D:13     | Noticed a two-headed ogre
 18114 | D:13     | Killed a two-headed ogre
 18323 | D:13     | Noticed a white ugly thing
 18383 | D:13     | Killed a white ugly thing
 18383 | D:13     | Reached XP level 12. HP: 60/60 MP: 14/14
 18459 | D:13     | Noticed a centaur warrior
 18462 | D:13     | Killed a centaur warrior
 19054 | D:10     | Bought a runed short sword for 204 gold pieces
 19135 | D:11     | Reached skill level 15 in Stealth
 19227 | D:14     | Reached skill level 10 in Short Blades
 19235 | D:14     | Noticed a rakshasa
 19575 | Lair:1   | Entered Level 1 of the Lair of Beasts
 19960 | Lair:1   | Noticed a seven-headed hydra
 19967 | Lair:1   | Killed a seven-headed hydra
 20524 | Lair:1   | Noticed a seven-headed hydra
 20530 | Lair:1   | Killed a seven-headed hydra
 20657 | Lair:1   | Reached skill level 10 in Throwing
 21292 | Lair:2   | Found a shattered altar of Ashenzari.
 21300 | Lair:1   | Reached skill level 16 in Stealth
 21827 | Lair:2   | Found a staircase to the Snake Pit.
 21969 | Lair:2   | Noticed Fannar
 21975 | Lair:2   | Killed Fannar
 22192 | Lair:3   | Found a frozen archway.
 22557 | IceCv    | Entered an ice cave
 22579 | IceCv    | Slain by a yak

Vault maps used:
D:1:      sevenhm_arrival_forest_fort_small_3, serial_glass, glass_columns_a,
          glass_columns_b, minmay_misc_feat_ornament
D:2:      overflow_temple_1_default, lemuel_flame_loot_1
D:3:      first_bread
D:4:      grunt_temple_overflow_forces_of_nature,
          grunt_temple_overflow_lords_of_destruction, overflow_temple_1_default,
          small_statue_intersection, grunt_ministairs_14, st_stairs_5
D:5:      minmay_temple_entry_glassed_door, nicolae_qazlal_general_emergency,
          uniq_eustachio
D:6:      xom_teletrap_fun, palyth_stone_intersect, roderic_lattice_a
D:9:      lemuel_coloured_pillars_altar
D:10:     minmay_orc_entry_temple_small, uniq_josephine
D:11:     minmay_lair_entry_lava, uniq_harold
D:13:     grunt_ogre_cave, minmay_misc_feat_diagonals
D:14:     grunt_vaults_entry_tiered, serial_shops,
          nicolae_shop_competitors_out_of_business, infiniplex_staircase_diamond
Temple:   minmay_temple_curvy_branch
Lair:1:   grunt_megastairs_4, lemuel_fruit_fields, lemuel_fruit_tree
Lair:2:   dummy_snake_entry, basic_altar, uniq_fannar
Lair:3:   minmay_shoals_entry_beasts, portal_ice_cave_entry_imps, uniq_urug,
          uniq_nergalle
IceCv:    ice_cave_caverns_02

Skill      XL: |  1  2  3  4  5  6  7  8  9 10 11 12 |
---------------+-------------------------------------+-----
Stealth        | 6 7 8 9 10 11 12 13 14 16 | 16.2
Dodging        | 2 3 4 5 6 8 10 12 13 14 | 14.9
Short Blades   | 3 4 5 7 8 9 10 | 10.7
Fighting       | 2 3 4 5 6 |  6.9
Throwing       | 3 4 5 7 8 9 10 | 10.2
Evocations     | 1 2 |  2.0
Spellcasting   | |  0.4
Hexes          | |  0.4

Action                   |  1- 3 |  4- 6 |  7- 9 | 10-12 || total
-------------------------+-------+-------+-------+-------++-------
Melee: Dagger            |    95 |    55 |   356 |   270 ||   776
       Short sword       |       |       |       |   392 ||   392
       Blowgun           |       |       |       |     1 ||     1
 Fire: Blowgun           |     1 |    51 |   102 |   269 ||   423
 Cast: Confusing Touch   |     1 |       |       |     1 ||     2
Invok: Call Merchant     |       |       |       |     2 ||     2
Evoke: Wand              |       |       |       |    20 ||    20
  Use: Potion            |       |     1 |     2 |     5 ||     8
       Scroll            |       |       |     8 |    13 ||    21
 Stab: Sleeping          |    18 |    10 |    15 |    37 ||    80
       Distracted        |       |       |     3 |    10 ||    13
  Eat: Royal jelly       |       |       |     2 |       ||     2
       Bread ration      |       |       |     1 |     1 ||     2
Armor: Robe              |     7 |     2 |    15 |    20 ||    44
Dodge: Dodged            |    54 |    38 |   275 |   542 ||   909

Table legend:
 A = Spawn XP
 B = Non-spawn XP
 C = Spawn XP percentage of total XP
 D = Spawn monster count
 E = Non-spawn monster count
 F = Spawn count percentage of total count
 G = Total turns spent on level
                    A         B        C        D         E        F      G
               +---------+---------+-------+---------+---------+-------+---------
         Total |       0 |   37368 |   0.0 |       0 |     318 |   0.0 | 22579
               +---------+---------+-------+---------+---------+-------+---------
           D:1 |       0 |      25 |   0.0 |       0 |      13 |   0.0 |  1048
           D:2 |       0 |      38 |   0.0 |       0 |      11 |   0.0 |   739
           D:3 |       0 |      38 |   0.0 |       0 |      17 |   0.0 |   734
           D:4 |       0 |     390 |   0.0 |       0 |      15 |   0.0 |  1471
           D:5 |       0 |     547 |   0.0 |       0 |      18 |   0.0 |  1082
           D:6 |       0 |     827 |   0.0 |       0 |      21 |   0.0 |  1430
           D:7 |       0 |     725 |   0.0 |       0 |      15 |   0.0 |  1374
           D:8 |       0 |    1605 |   0.0 |       0 |      24 |   0.0 |  1372
           D:9 |       0 |    3861 |   0.0 |       0 |      40 |   0.0 |  3077
          D:10 |       0 |    4605 |   0.0 |       0 |      30 |   0.0 |  2633
          D:11 |       0 |    4572 |   0.0 |       0 |      24 |   0.0 |  2173
          D:12 |       0 |    1167 |   0.0 |       0 |       4 |   0.0 |   848
          D:13 |       0 |    6651 |   0.0 |       0 |      23 |   0.0 |  1171
          D:14 |       0 |    1079 |   0.0 |       0 |       6 |   0.0 |   157
        Lair:1 |       0 |    6995 |   0.0 |       0 |      31 |   0.0 |  1497
        Lair:2 |       0 |    3148 |   0.0 |       0 |      10 |   0.0 |  1196
        Lair:3 |       0 |     979 |   0.0 |       0 |      15 |   0.0 |   289
         IceCv |       0 |     116 |   0.0 |       0 |       1 |   0.0 |    22
               +---------+---------+-------+---------+---------+-------+---------
